 Dungeon Crawl Stone Soup version 0.29-a0-321-gf1c400731a (webtiles) character file.

Game seed: 4501670319278306391

16 GigaChad the Grave Robber (level 2, 0/19 HPs)
             Began as a Demonspawn Necromancer on Apr 4, 2022.
             Constricted to death by a ball python (1 damage)
             ... on level 2 of the Dungeon.
             The game lasted 00:04:29 (942 turns).

GigaChad the Grave Robber (Demonspawn Necromancer)   Turns: 942, Time: 00:04:30

Health: 0/19       AC:  2    Str:  8    XL:     2   Next: 41%
Magic:  4/5        EV: 13    Int: 16    God:
Gold:   12         SH:  0    Dex: 13    Spells: 4/5 levels left

rFire   . . .      SeeInvis .   (no weapon)
rCold   . . .      Faith    .   (no shield)
rNeg    . . .      Spirit   .   a - +0 robe
rPois   .          Reflect  .   (no helmet)
rElec   .          Harm     .   (no cloak)
rCorr   .          Rampage  .   (no gloves)
Will    .....                   (no boots)
Stlth   ++........              (no amulet)
HPRegen 0.06/turn               k - +4 ring of evasion
MPRegen 0.09/turn               (no ring)

@: constricted
A: sturdy frame 1
a: no special abilities


You were on level 2 of the Dungeon.
You visited 1 branch of the dungeon, and saw 2 of its levels.

You collected 12 gold pieces.

Inventory:

Hand Weapons
 m - a +0 hand axe
Missiles
 n - 25 stones
Armour
 a - a +0 robe (worn)
 j - a +0 scale mail
Jewellery
 k - a +4 ring of evasion (left hand)
Scrolls
 e - a scroll of enchant weapon {unknown}
 g - a scroll of identify {unknown}
 h - a scroll of fear {unknown}
 i - a scroll of magic mapping {unknown}
Potions
 b - 2 potions of magic
 c - a potion of might {unknown}
 d - a potion of curing {unknown}
 f - a potion of invisibility {unknown}
 l - a potion of degeneration {unknown}
 o - a potion of haste {unknown}


   Skills:
 + Level 1.8 Dodging
 + Level 1.8 Stealth
 + Level 2.1 Spellcasting
 + Level 5.0 Necromancy


You had 4 spell levels left.
You knew the following spells:

 Your Spells              Type           Power      Damage    Failure   Level
a - Pain                  Necr           68%        1d7       2%          1

Your spell library contained the following spells:

 Spells                   Type           Power      Damage    Failure   Level
 Animate Skeleton         Necr           34%        N/A       2%          1
 Vampiric Draining        Necr           17%        2d7       8%          3
 Animate Dead             Necr           8%         N/A       26%         4
 Agony                    Necr           17%        N/A       58%         5


Dungeon Overview and Level Annotations

Branches:
Dungeon (2/15)

Altars:


Innate Abilities, Weirdness & Mutations

Your movements are slightly less encumbered by armour. (ER -2)


Message History

The bat attacks as you move away! The bat barely misses you.
You feel sick. The bat barely misses you. x2
The adder attacks as you move away! The adder misses you.
You feel sick. The bat barely misses you. The adder barely misses you.
The adder attacks as you move away! The adder misses you.
The ball python attacks as you move away!
The ball python closely misses you. The ball python completely misses you.
You feel sick.
The ball python attacks as you move away!
The ball python bites you.
* * * LOW HITPOINT WARNING * * *
You feel sick.
You are no longer poisoned.
The bat hits you but does no damage. The bat misses you.
The adder closely misses you. The adder misses you.
The adder attacks as you move away! The adder barely misses you.
The bat hits you but does no damage. x2
The bat barely misses you. The bat hits you but does no damage.
The adder attacks as you move away! The adder barely misses you.
The bat closely misses you. The adder attacks as you move away!
The adder bites you.
* * * LOW HITPOINT WARNING * * *
The bat misses you. The adder attacks as you move away!
The adder bites you but does no damage. The bat barely misses you.
The bat hits you.
* * * LOW HITPOINT WARNING * * *
The adder bites you but does no damage. The bat completely misses you.
The adder closely misses you. The adder attacks as you move away!
The adder closely misses you. The bat barely misses you.
The bat completely misses you.
You closely miss the bat. The bat hits you but does no damage.
The adder barely misses you. The kobold hits you but does no damage.
You hit the ball python but do no damage.
The adder barely misses you. The ball python misses you.
The ball python grabs you. The ball python constricts you.
The adder barely misses you. The ball python barely misses you.
The ball python constricts you.
You die...

....................#..
.....<.
####......(...........##
#######
##........w#.#....##
####...##.#.##..##
#...###........# ####
##..###........#########...
##.##...................##
###....SK..#.........###
#.....S@............#
#.....b.............#
#...................#
#...................#
#...................#
##..........#########
#..........# #......?...##
#..........#


You could see a worm, an adder, a bat, a ball python and a kobold.

Vanquished Creatures
  A bat (D:1)
  2 endoplasms
  A goblin (D:1)
  A hobgoblin (D:1)
  3 quokkas
  3 ball pythons
  2 frilled lizards
  2 rats
15 creatures vanquished.

Notes
Turn   | Place    | Note
-------+----------+-------------------------------------------
     0 | D:1      | GigaChad the Demonspawn Necromancer began the quest for the
                  | Orb.
     0 | D:1      | Reached XP level 1. HP: 13/13 MP: 3/3
   423 | D:1      | Gained mutation: Your movements are slightly less
                  | encumbered by armour. (ER -2) [demonic ancestry]
   423 | D:1      | Reached XP level 2. HP: 17/19 MP: 1/5
   775 | D:2      | Reached skill level 5 in Necromancy
   942 | D:2      | Constricted to death by a ball python

Illustrated notes

Levels and vault maps discovered:
D:1:      lightli_arrival_boilingwater, layout_basic,
          chequers_serial_rivers_small_a, due_unseen_surprise
D:2:      layout_rooms, kennysheep_donut

Skill      XL: |  1  2 |
---------------+-------+-----
Necromancy     | 5 |  5.0
Dodging        | |  1.8
Stealth        | |  1.8
Spellcasting   | |  2.1

Action                   || total
-------------------------++-------
Melee: Unarmed           ||    16
 Cast: Pain              ||    25
Armor: Robe              ||    17
Dodge: Dodged            ||    49

Table legend: (Time is in decaauts)
 A = Elapsed time spent in this place.
 B = Non-inter-level travel time spent in this place.
 C = Inter-level travel time spent in this place.
 D = Time resting spent in this place.
 E = Time spent auto-exploring this place.
 F = Levels seen in this place.
 G = Mean time per level.
                   A        B        C        D        E       F      G
               +--------+--------+--------+--------+--------+-----+--------+
         Total |    944 |    936 |      8 |     13 |    331 |   2 |  472.0 |
       Dungeon |    944 |    936 |      8 |     13 |    331 |   2 |  472.0 |
               +--------+--------+--------+--------+--------+-----+--------+

Top non-repeatable levels by time:
     D:1: 521 daAuts
     D:2: 422 daAuts
